 Dungeon Crawl Stone Soup version 0.17-a0-777-g32247ce (webtiles) character file.

252267 karvarausku the Black Belt (level 18, -19/168 HPs)
             Began as a Grey Draconian Monk on Apr 25, 2015.
             Was the Champion of Okawaru.
             Demolished by an acid blob (29 damage)
             ... while paralysed by a great orb of eyes
             ... on level 5 of the Pits of Slime.
             The game lasted 03:26:29 (43221 turns).

karvarausku the Black Belt (Grey Draconian Monk)   Turns: 43221, Time: 03:26:29

Health: -19/168    AC: 13    Str: 23 (24) XL:     18   Next: 96%
Magic:  30/30      EV:  2    Int:  9 (11) God:    Okawaru [******]
Gold:   4333       SH:  0    Dex: 18 (19) Spells: 4 memorised, 14 levels left

rFire  . . .     SeeInvis .       - Unarmed
rCold  . . .     Rnd*Rage +     (armour unavailable)
rNeg   + + +     SustAb   .     i - +4 shield of Restlessness {Str+7}
rPois  +         Gourm    .     j - +2 hat
rElec  +         Spirit   .     J - +4 cloak of the Present {rElec rPois rF- rN++, Cloak of further lies}
rCorr  .         Warding  .     u - +2 pair of gloves {Str+3}
rMut   +         Stasis   .     c - +2 pair of boots {run}
MR     +....                    p - amulet of resist mutation
Stlth  +++.......               Z - ring "Oriecomm" {+Fly rF+ Slay+3}
                                q - ring of Loawuyn {rN+ Stlth+}

@: paralysed, corroded equipment, slowed, quick, somewhat resistant to hostile
enchantments, fairly stealthy
A: walk through water, unfitting armour, talons 1, berserk 1, blurry vision 1,
clumsy 1, deterioration 1, regeneration 1, wild magic 1, unbreathing,
cold-blooded, AC +15
a: Heroism, Finesse, Renounce Religion, Evoke Flight
}: 2/15 runes: decaying, gossamer


You were on level 5 of the Pits of Slime.
You worshipped Okawaru.
Okawaru was exalted by your worship.
You were not hungry.

You visited 8 branches of the dungeon, and saw 43 of its levels.
You visited the Abyss 1 time.
You also visited: Labyrinth and Ice Cave.

You collected 4493 gold pieces.
You spent 160 gold pieces at shops.

Inventory:

Hand weapons
 b - a +8 blowgun
Missiles
 o - 107 poisoned needles
 F - 6 needles of confusion
 G - 9 curare-tipped needles
 M - 5 needles of sleeping
Armour
 c - a +2 pair of boots of running (worn)
 i - the +4 shield of Restlessness (worn) {Str+7}
   (You found it on level 8 of the Lair of Beasts)

   It affects your strength (+7).
 j - a +2 hat (worn)
 u - a +2 pair of gloves of strength (worn)
 B - a +1 pair of boots of flying
 J - the +4 cloak of the Present (worn) {rElec rPois rF- rN++, Cloak of further lies}
   (You found it on level 7 of the Lair of Beasts)

   It makes you vulnerable to fire.
   It insulates you from electricity.
   It protects you from poison.
   It greatly protects you from negative energy.
 Q - the +0 buckler "Hoceull" {rElec rPois rF+}
   (Okawaru gifted it to you on level 4 of the Pits of Slime)

   It protects you from fire.
   It insulates you from electricity.
   It protects you from poison.
 V - a +2 shield of reflection
Jewellery
 m - the amulet "Fiaxaosmegh" {Ward rElec rC+ rN+ Int-4 Dex+3}
   (You bought it in a shop on level 14 of the Dungeon)

   [amulet of warding]

   It may prevent the melee attacks of summoned creatures.
   It affects your intelligence (-4).
   It affects your dexterity (+3).
   It protects you from cold.
   It insulates you from electricity.
   It protects you from negative energy.
 p - an amulet of resist mutation (around neck)
 q - the ring of Loawuyn (left hand) {rN+ Stlth+}
   (You found it in an ice cave)

   [ring of stealth]

   It protects you from negative energy.
   It makes you more stealthy.
 r - an uncursed ring of see invisible
 s - an uncursed amulet of guardian spirit
 w - an uncursed amulet of clarity
 R - an uncursed ring of protection from fire
 W - an uncursed amulet of regeneration
 Z - the ring "Oriecomm" (right hand) {+Fly rF+ Slay+3}
   (You found it on level 3 of the Lair of Beasts)

   [ring of flight]

   It affects your accuracy and damage with ranged weapons and melee attacks
   (+3).
   It protects you from fire.
   It lets you fly.
Magical devices
 h - a wand of teleportation (0)
 y - a wand of heal wounds (4)
 H - a wand of cold (7)
 K - a wand of heal wounds (4)
 L - a wand of teleportation (3)
 O - a wand of cold (6)
 T - a wand of heal wounds (0)
Scrolls
 d - 2 scrolls of magic mapping
 e - 5 scrolls of fog
 l - 2 scrolls of silence {unknown}
 n - 4 scrolls of recharging
 x - 2 scrolls of teleportation
 A - 12 scrolls of remove curse
 C - 2 scrolls of blinking
Potions
 g - a potion of flight
 k - 3 potions of curing
 v - 4 potions of might
 z - 2 potions of invisibility
 E - 2 potions of resistance
 I - 5 potions of heal wounds
 N - 9 potions of agility
 P - 4 potions of haste
 S - 3 potions of restore abilities
Books
 t - a book of Geomancy

   Spells                             Type                      Level
   a - Sandblast                      Earth                        1
   b - Stoneskin                      Transmutation/Earth          2
   c - Passwall                       Transmutation/Earth          3
   d - Stone Arrow                    Conjuration/Earth            3
   e - Petrify                        Transmutation/Earth          4
   f - Lee's Rapid Deconstruction     Earth                        5
 D - a book of Debilitation

   Spells                             Type                      Level
   a - Corona                         Hexes                        1
   b - Slow                           Hexes                        2
   c - Gell's Gravitas                Hexes/Translocation          3
   d - Inner Flame                    Hexes/Fire                   3
   e - Cause Fear                     Hexes                        4
   f - Leda's Liquefaction            Hexes/Earth                  4
 U - a book of Enchantments

   Spells                             Type                      Level
   a - Cause Fear                     Hexes                        4
   b - Silence                        Hexes/Air                    5
   c - Deflect Missiles               Charms/Air                   6
   d - Haste                          Charms                       6
   e - Discord                        Hexes                        8
 X - a book of Minor Magic

   Spells                             Type                      Level
   a - Magic Dart                     Conjuration                  1
   b - Blink                          Translocation                2
   c - Call Imp                       Summoning                    2
   d - Repel Missiles                 Charms/Air                   2
   e - Slow                           Hexes                        2
   f - Conjure Flame                  Conjuration/Fire             3
   g - Mephitic Cloud                 Conjuration/Poison/Air       3
Comestibles
 a - 27 bread rations
 f - 14 meat rations


   Skills:
 + Level 16.8 Fighting
 * Level 13.0 Dodging
 - Level 1.7 Stealth
 * Level 12.6 Shields
 * Level 19.4 Unarmed Combat
 - Level 8.0 Spellcasting
 - Level 11.3 Hexes
 + Level 8.4 Charms
 - Level 3.5 Invocations


You had 14 spell levels left.
You knew the following spells:

 Your Spells              Type           Power        Failure   Level  Hunger
a - Silence               Hex/Air        ###.......   85%         5    ######.
b - Discord               Hex            #####.....   100%        8    #######
c - Cause Fear            Hex            #####.....   7%          4    ####...
d - Repel Missiles        Chrm/Air       ###...       19%         2    ##.....


Dungeon Overview and Level Annotations

Branches:
Dungeon (14/15)            Temple (1/1) D:7            Lair (8/8) D:11
  Swamp (5/5) Lair:3       Spider (5/5) Lair:5        Slime (5/6) Lair:7
    Orc (4/4) D:10            Elf (0/3) Orc:3        Vaults (1/5) D:14

Altars:
Ashenzari
Cheibriados
Dithmenos
Elyvilon
Fedhas
Gozag
Kikubaaqudgha
Makhleb
Nemelex Xobeh
Okawaru
Qazlal
Ru
Sif Muna
Trog
Vehumet
Xom
Yredelemnul
Zin
The Shining One
Beogh
Jiyva

Shops:
D:4 ?   D:7 ?   D:11 !   D:14 *   Orc:4 }(![

Annotations:
D:7 exclusion: oklob plant


Innate Abilities, Weirdness & Mutations

You can walk through water.
Your dull iron-grey scales are very hard (AC +15).
Your body does not fit into most forms of armour.
You can survive without breathing.
You are cold-blooded and may be slowed by cold attacks.
You have sharp toenails.
You tend to lose your temper in combat.
Scrolls take you a little longer to read.
You are clumsy. (Dex -2)
Your body is slowly deteriorating.
Your natural rate of healing is unusually fast.
Your spells are a little harder to cast, but a little more powerful.


Message History

The jelly barely misses you. The great orb of eyes gazes at you.
You resist with some effort.
The azure jelly hits you but does no damage. x4
You feel yourself speed up. The azure jelly hits you.
The azure jelly freezes you!!
The azure jelly hits you but does no damage.
The azure jelly hits you.
The azure jelly hits you but does no damage.
The jelly hits you but does no damage. The jelly hits you.
You are splashed with acid!
The acid corrodes your equipment!
The acid burns!
The azure jelly hits you. The azure jelly freezes you!!
You feel yourself slow down.
* * * LOW HITPOINT WARNING * * *
The azure jelly completely misses you.
The azure jelly hits you but does no damage. x2
The jelly hits you but does no damage. The great orb of eyes bites you!!
* * * LOW HITPOINT WARNING * * *
The acid blob hits you!!
You die...

................
.#..............
#................
.#.........#....>.
...................
..................
.................##
.......JJJ.........
.......J@G>........
..................
.................#
.............#....#
............#.#...
#..............#
#.............#####
.............###.##
...#..............#


You could see an acid blob, an azure jelly, a great orb of eyes and 2 jellies.

Vanquished Creatures
  the Lernaean hydra (Swamp:5)
  Saint Roka (Orc:3)
  Nikola (Swamp:3)
  Arachne (Spider:4)
  Rupert (Orc:3)
  A lich (Abyss:1)
  The ghost of 4thArraOfDagon the Brawler, a mighty TrAs of Cheibriados (Swamp:5)
  5 acid blobs
  3 tentacled starspawn (Abyss:1)
  An Executioner (Abyss:1)
  6 thorn hunters
  Donald (D:14)
  3 ghost moths (Spider:5)
  Maud (Lair:6)
  Louise (Swamp:2)
  5 emperor scorpions
  A vault warden (Vaults:1)
  2 ironheart preservers
  A stone giant (Vaults:1)
  A very ugly thing (Swamp:2)
  Nessos (Orc:4)
  Azrael (Orc:4)
  A yellow draconian (Lair:6)
  A vault guard (D:14)
  The ghost of sponge the Slinger, a powerful HaCK of Xom (IceCv)
  A merfolk javelineer (Lair:6)
  A minotaur (Lab)
  6 ogre magi
  Josephine (Lair:5)
  An entropy weaver (Spider:3)
  19 hydras
  A naga warrior (Lair:6)
  2 ice dragons (IceCv)
  A ghost crab (Swamp:5)
  The ghost of MordorOrchid the Grappler, an experienced TrMo of Cheibriados (Lair:1)
  4 catoblepae
  2 centaur warriors (D:14)
  8 alligators
  3 thrashing horrors (Abyss:1)
  16 death yaks
  Nergalle (Lair:1)
  2 wretched stars (Abyss:1)
  An ice devil (Abyss:1)
  A naga ritualist (Lair:6)
  10 swamp dragons
  5 ironbrand convokers (Vaults:1)
  2 giant orange brains
  2 unseen horrors (Vaults:1)
  8 hill giants
  2 ice statues (IceCv)
  2 spriggan druids (Swamp:5)
  2 shambling mangroves
  8 ugly things
  3 deep trolls (Vaults:1)
  An orc knight (Vaults:1)
  27 wolf spiders
  21 orb spiders
  A mana viper (Abyss:1)
  A salamander (shapeshifter) (Abyss:1)
  4 worldbinders (Abyss:1)
  A griffon (Lair:8)
  2 shining eyes
  7 hornets
  6 elephants (Lair:7)
  A cyclops (D:11)
  An octopode (shapeshifter) (Vaults:1)
  A guardian serpent (shapeshifter) (Vaults:1)
  A sixfirhy (Abyss:1)
  3 vault sentinels (Vaults:1)
  3 black mambas
  A smoke demon (Abyss:1)
  13 spiny frogs
  Psyche (D:12)
  An apocalypse crab (Abyss:1)
  13 komodo dragons
  An eye of devastation (Slime:3)
  2 freezing wraiths (Abyss:1)
  An efreet (D:13)
  A gargoyle (D:13)
  5 yaktaurs (Vaults:1)
  14 demonic crawlers
  A kobold demonologist (D:13)
  2 fire drakes
  A hellwing (Abyss:1)
  16 jumping spiders
  5 small abominations (Abyss:1)
  7 large abominations (Abyss:1)
  5 trolls
  An ancient zyme (Abyss:1)
  A queen bee (Lair:6)
  3 merfolk (Lair:6)
  A polar bear (shapeshifter) (Vaults:1)
  Grinder (D:6)
  14 giant leeches
  A polar bear (Lair:5)
  3 boulder beetles
  13 two-headed ogres
  14 blink frogs
  8 ravens
  31 slime creatures
  19 trapdoor spiders
  18 bog bodies
  5 baby alligators (Swamp:3)
  2 raiju (Abyss:1)
  44 redbacks
  51 yaks
  6 spriggans
  5 shadows
  A fire bat (Abyss:1)
  A vampire (Swamp:4)
  A chaos spawn (Abyss:1)
  A hippogriff (shapeshifter) (Vaults:1)
  4 fire elementals
  A golden eye (Abyss:1)
  A naga (Lair:6)
  25 tarantellas
  A basilisk (Lair:7)
  6 wolves
  10 hippogriffs
  A ynoxinul (Abyss:1)
  6 wraiths
  A wyvern (D:12)
  A human simulacrum (Vaults:1)
  A hungry ghost (D:10)
  A neqoxec (Abyss:1)
  27 vampire mosquitoes
  A warg (Orc:2)
  7 insubstantial wisps
  29 swamp worms
  27 orc warriors
  A soldier ant (D:13)
  27 water moccasins
  12 porcupines
  Duvessa (D:5)
  6 hell hounds
  24 spiders
  5 wasps
  25 ice beasts
  14 swamp drakes
  3 eyes of draining
  3 phantoms
  A black bear (D:7)
  A black bear (shapeshifter) (Vaults:1)
  3 sky beasts
  4 centaurs
  18 crocodiles
  45 ogres
  5 boggarts
  A boring beetle (Lair:6)
  A brain worm (Abyss:1)
  2 wyvern zombies (D:11)
  18 giant frogs
  9 scorpions
  Dowan (D:6)
  2 spriggan skeletons (Lab)
  25 killer bees
  6 electric eels
  7 crimson imps
  A starcursed mass (Abyss:1)
  2 giant frog zombies
  2 hounds
  A giant frog skeleton (D:11)
  33 orc wizards
  5 quasits
  3 centaur zombies
  7 iguanas
  9 jellies
  25 orc priests
  Natasha (twice) (D:3)
  3 centaur skeletons
  7 hell rats (Lair:5)
  A spectral orc (Lair:1)
  13 worker ants
  19 sheep
  A hound skeleton (D:5)
  2 worker ant zombies
  5 gnolls
  12 adders
  58 river rats
  3 shadow imps
  13 white imps
  An ufetubus (Abyss:1)
  An adder skeleton (D:5)
  2 adder zombies
  2 oozes
  6 giant geckos
  191 orcs
  3 ball pythons
  12 bats
  A bat skeleton (D:5)
  A bat zombie (D:5)
  2 giant cockroaches
  34 hobgoblins
  7 jackals
  21 kobolds
  2 quokkas
  4 giant newts
  33 goblins
  A quokka zombie (D:9)
  17 rats
  A ballistomycete (D:12)
  A briar patch (Swamp:5)
  A butterfly (Lair:5)
  5 fungi
  3 plants
1574 creatures vanquished.

Vanquished Creatures (collateral kills)
  A killer bee (Lair:6)
1 creature vanquished.

Vanquished Creatures (others)
  A ghost crab (Swamp:5)
  2 two-headed ogres (Orc:4)
  A raven (Swamp:2)
  3 air elementals
  A redback (Spider:4)
  3 insubstantial wisps (Swamp:5)
  An ogre (Orc:4)
  A starcursed mass (Abyss:1)
  An orc priest (Orc:4)
  An orc (Orc:4)
  A giant spore (D:12)
  6 fungi
  2 plants
  4 starspawn tentacles (Abyss:1)
  2 starspawn tentacle segments (Abyss:1)
30 creatures vanquished.

Grand Total: 1605 creatures vanquished

Notes
Turn   | Place    | Note
--------------------------------------------------------------
     0 | D:1      | karvarausku, the Draconian Monk, began the quest for the Orb.
     0 | D:1      | Reached XP level 1. HP: 19/19 MP: 1/1
   211 | D:1      | Reached XP level 2. HP: 17/26 MP: 2/2
   483 | D:1      | Found a shimmering altar of Xom.
   621 | D:1      | Reached skill level 5 in Unarmed Combat
   716 | D:2      | Reached XP level 3. HP: 29/31 MP: 3/3
  1021 | D:2      | Found a shattered altar of Ashenzari.
  1576 | D:3      | Noticed Natasha
  1589 | D:3      | Killed Natasha
  1589 | D:3      | Reached XP level 4. HP: 28/38 MP: 4/4
  1631 | D:3      | Reached skill level 6 in Unarmed Combat
  1708 | D:3      | Reached XP level 5. HP: 41/45 MP: 5/5
  1958 | D:3      | Noticed Natasha
  1967 | D:3      | Killed Natasha
  2062 | D:3      | Found a glowing silver altar of Zin.
  2152 | D:4      | Found a shattered altar of Ashenzari.
  2152 | D:4      | Found a stormy altar of Qazlal.
  2153 | D:4      | Found a burning altar of Makhleb.
  2412 | D:4      | Reached skill level 7 in Unarmed Combat
  2506 | D:4      | Reached XP level 6. HP: 51/51 MP: 6/6
  2587 | D:4      | Noticed an ogre
  2598 | D:4      | Killed an ogre
  2649 | D:4      | Found Adedgh's Magic Scroll Shop.
  2745 | D:4      | Reached skill level 8 in Unarmed Combat
  3502 | D:4      | Your scales start taking on a dull iron-grey colour.
  3502 | D:4      | Gained mutation: You can survive without breathing. [Grey Draconian growth]
  3502 | D:4      | Reached XP level 7. HP: 35/57 MP: 7/7
  3832 | D:5      | Entered Level 5 of the Dungeon
  3997 | D:4      | Reached skill level 9 in Unarmed Combat
  4447 | D:5      | Reached skill level 10 in Unarmed Combat
  4518 | D:5      | Found a white marble altar of Elyvilon.
  4532 | D:5      | Reached XP level 8. HP: 45/63 MP: 8/8
  5034 | D:6      | Reached skill level 11 in Unarmed Combat
  5134 | D:6      | Noticed Dowan
  5144 | D:6      | Killed Dowan
  5148 | D:6      | Noticed Duvessa
  5166 | D:5      | Killed Duvessa
  5393 | D:6      | Noticed Grinder
  5398 | D:6      | Paralysed by Grinder for 5 turns
  5419 | D:6      | Killed Grinder
  5501 | D:6      | Found a deep blue altar of Sif Muna.
  5810 | D:6      | Reached skill level 12 in Unarmed Combat
  6019 | D:7      | Reached XP level 9. HP: 70/70 MP: 9/9
  6024 | D:7      | Found an ancient bone altar of Kikubaaqudgha.
  6026 | D:7      | Found a white marble altar of Elyvilon.
  6030 | D:7      | Noticed an oklob plant
  6043 | D:7      | Found Voghugh Teqi's Magic Scroll Shoppe.
  6544 | D:7      | Found a staircase to the Ecumenical Temple.
  6649 | Temple   | Entered the Ecumenical Temple
  6698 | Temple   | Became a worshipper of Warmaster Okawaru
  6698 | Temple   | Acquired Okawaru's first power
  7160 | D:8      | Reached skill level 13 in Unarmed Combat
  7206 | D:8      | Noticed a hill giant
  8078 | D:8      | Got a shimmering rapier
  8357 | D:8      | Reached skill level 14 in Unarmed Combat
  8528 | D:8      | Reached XP level 10. HP: 77/77 MP: 10/10
  8719 | D:9      | Found a shadowy altar of Dithmenos.
  9751 | D:10     | Entered Level 10 of the Dungeon
  9772 | D:10     | Noticed a hill giant
  9786 | D:10     | Killed a hill giant
  9964 | D:10     | Reached skill level 15 in Unarmed Combat
 10048 | D:10     | Killed a hill giant
 10566 | D:10     | Found a staircase to the Orcish Mines.
 11087 | D:11     | Found a staircase to the Lair.
 11113 | D:11     | Acquired Okawaru's second power
 11113 | D:11     | Reached skill level 16 in Unarmed Combat
 11142 | D:11     | Found Diemm's Distillery.
 11152 | D:11     | Bought a potion of mutation for 30 gold pieces
 11152 | D:11     | Gained mutation: Your body is slowly deteriorating. [potion of mutation]
 11152 | D:11     | Gained mutation: Scrolls take you a little longer to read. [potion of mutation]
 11152 | D:11     | Gained mutation: You tend to lose your temper in combat. [potion of mutation]
 11153 | D:11     | Gained mutation: You have sharp toenails. [potion of mutation]
 11153 | D:11     | Gained mutation: Your natural rate of healing is unusually fast. [potion of mutation]
 11153 | D:11     | Gained mutation: Your spells are a little harder to cast, but a little more powerful. [potion of mutation]
 11260 | D:11     | Noticed a brown ugly thing
 11288 | D:11     | Killed a brown ugly thing
 11451 | D:11     | Reached XP level 11. HP: 74/82 MP: 11/11
 11666 | D:11     | Noticed a hill giant
 11683 | D:11     | Killed a hill giant
 11787 | D:11     | Noticed a cyclops
 11806 | D:11     | Killed a cyclops
 12080 | D:12     | Noticed a hill giant
 12111 | D:11     | Identified a scroll of acquirement
 12119 | D:11     | Identified a +1 pair of boots of running (You acquired it on level 11 of the Dungeon)
 12158 | Lair:1   | Entered Level 1 of the Lair of Beasts
 12221 | Lair:1   | Noticed MordorOrchid's ghost (experienced TrMo)
 12334 | D:11     | Identified the +8 rapier of Zin's Favour {venom, +Inv rPois Stlth+} (You found it on level 8 of the Dungeon)
 12372 | Lair:1   | Killed MordorOrchid's ghost
 12372 | Lair:1   | Received a gift from Okawaru
 12372 | Lair:1   | Reached skill level 1 in Spellcasting
 12568 | Lair:1   | Reached skill level 5 in Fighting
 13318 | Lair:2   | Found a labyrinth entrance.
 13318 | Lair:2   | Noticed Nergalle
 13356 | Lair:1   | Noticed a spectral orc warlord
 13372 | Lair:1   | Reached skill level 5 in Dodging
 13375 | Lair:1   | Killed Nergalle
 13375 | Lair:1   | Received a gift from Okawaru
 13422 | Lab      | Entered a labyrinth
 13678 | Lab      | Noticed a minotaur
 13692 | Lab      | Killed a minotaur
 13710 | Lab      | Got a smoking tin amulet
 13713 | Lab      | Got a transparent quicksilver dragon armour
 13718 | Lair:2   | Identified the amulet of Kaoditir {Inacc +Inv} (You found it in a labyrinth)
 13790 | Lair:2   | Reached XP level 12. HP: 52/97 MP: 17/17
 13884 | Lair:2   | Reached skill level 1 in Shields
 13961 | Lair:2   | Noticed a four-headed hydra
 14047 | Lair:2   | Killed a four-headed hydra
 14457 | Lair:2   | Received a gift from Okawaru
 14975 | Lair:3   | Got a transparent jade ring
 14978 | Lair:3   | Identified the ring "Oriecomm" {+Fly rF+ Slay+3} (You found it on level 3 of the Lair of Beasts)
 15573 | Lair:3   | Found a staircase to the Swamp.
 15871 | Lair:4   | Reached skill level 5 in Spellcasting
 15942 | Lair:4   | Got a wavering copper ring
 15974 | Lair:4   | Found a frozen archway.
 16020 | IceCv    | Entered an ice cave
 16376 | IceCv    | Identified the ring of Vuochull {+Inv Stlth+} (You found it on level 4 of the Lair of Beasts)
 16527 | IceCv    | Noticed an ice dragon
 16527 | IceCv    | Noticed an ice dragon
 16527 | IceCv    | Noticed sponge's ghost (powerful HaCK)
 16552 | IceCv    | Killed an ice dragon
 16561 | IceCv    | Killed an ice dragon
 16678 | IceCv    | Killed sponge's ghost
 16780 | IceCv    | Got a pitted ivory ring
 17048 | Lair:4   | Reached skill level 10 in Fighting
 17048 | Lair:4   | Reached XP level 13. HP: 113/113 MP: 21/21
 17066 | Lair:4   | Received a gift from Okawaru
 17107 | Lair:4   | Identified the ring of Loawuyn {rN+ Stlth+} (You found it in an ice cave)
 17926 | Lair:5   | Noticed Josephine
 17942 | Lair:5   | Reached skill level 5 in Shields
 17949 | Lair:5   | Killed Josephine
 18323 | Lair:5   | Found a hole to the Spider Nest.
 18915 | Lair:5   | Learned a level 5 spell: Silence
 18924 | Lair:5   | Learned a level 8 spell: Discord
 18951 | Lair:6   | Reached skill level 1 in Hexes
 19038 | Lair:6   | Noticed Maud
 19050 | Lair:6   | Killed Maud
 19192 | Lair:6   | Received a gift from Okawaru
 19334 | Lair:6   | Was placed under penance by Okawaru
 19337 | Lair:6   | Noticed a yellow draconian
 19652 | Orc:1    | Entered Level 1 of the Orcish Mines
 20312 | Orc:2    | Was forgiven by Okawaru
 20680 | Orc:3    | Found a staircase to the Elven Halls.
 20801 | Orc:3    | Found a bloodstained altar of Trog.
 20978 | Orc:4    | Entered Level 4 of the Orcish Mines
 21132 | Orc:4    | Noticed Nessos
 21158 | Orc:3    | Reached skill level 1 in Invocations
 21297 | Orc:3    | Reached XP level 14. HP: 98/127 MP: 21/23
 21571 | Orc:4    | Killed Nessos
 21571 | Orc:4    | Reached skill level 5 in Hexes
 21612 | Orc:4    | Found Faet's Antique Weapon Emporium.
 21612 | Orc:4    | Found Raadiuc's Armour Shop.
 21612 | Orc:4    | Found Yschoull's Gadget Boutique.
 21612 | Orc:4    | Found Quko's Distillery.
 21746 | Orc:4    | Noticed Saint Roka
 21780 | Orc:3    | Killed Saint Roka
 22038 | Orc:4    | Noticed Rupert
 22107 | Orc:3    | Killed Rupert
 22107 | Orc:3    | Received a gift from Okawaru
 22110 | Orc:3    | Got a crystal dagger {god gift}
 22157 | Orc:4    | Noticed Azrael
 22243 | Orc:4    | Killed Azrael
 22299 | Orc:4    | Found a roughly hewn altar of Beogh.
 23125 | Lair:6   | Killed a yellow draconian
 23882 | Lair:7   | Identified the +1 dagger "Voluc" {pierce, *Rage Int+4 Dex+10} (Okawaru gifted it to you on level 3 of the Orcish Mines)
 23992 | Lair:7   | Found a staircase to the Slime Pits.
 23993 | Lair:7   | Found a viscous altar of Jiyva.
 24172 | Lair:7   | Got an ichor-stained cloak
 24184 | Lair:7   | Identified the +4 cloak of the Present {rElec rPois rF- rN++} (You found it on level 7 of the Lair of Beasts)
 24405 | Lair:7   | Received a gift from Okawaru
 24814 | Lair:8   | Entered Level 8 of the Lair of Beasts
 25428 | Lair:8   | Reached skill level 17 in Unarmed Combat
 25790 | Lair:8   | Reached XP level 15. HP: 60/136 MP: 4/24
 25808 | Lair:8   | Reached skill level 10 in Dodging
 26204 | Lair:8   | Received a gift from Okawaru
 26385 | Lair:8   | Got a crude hunting sling {god gift}
 26386 | Lair:8   | Identified the +5 hunting sling of the Badger {freeze, rF+ Str+7 Dex-3 Stlth+} (Okawaru gifted it to you on level 8 of the Lair of Beasts)
 26518 | Lair:8   | Learned a level 4 spell: Cause Fear
 26520 | Lair:8   | Got a bloodstained shield
 26531 | Lair:8   | Identified the +4 shield of Restlessness {Str+7} (You found it on level 8 of the Lair of Beasts)
 26747 | Spider:1 | Entered Level 1 of the Spider Nest
 27005 | Spider:1 | Reached skill level 10 in Hexes
 27557 | Spider:1 | Got a twisted quarterstaff
 27572 | Spider:1 | Identified the +1 quarterstaff of Extremism {vamp, rPois} (You found it on level 1 of the Spider Nest)
 27992 | Spider:2 | Received a gift from Okawaru
 28983 | Spider:3 | Received a gift from Okawaru
 29536 | Spider:4 | Reached XP level 16. HP: 147/147 MP: 22/25
 29576 | Spider:4 | Learned a level 2 spell: Repel Missiles
 29712 | Spider:4 | Reached skill level 15 in Fighting
 29921 | Spider:4 | Reached skill level 1 in Charms
 30129 | Spider:5 | Entered Level 5 of the Spider Nest
 30177 | Spider:5 | Noticed Arachne
 30212 | Spider:4 | Killed Arachne
 30403 | Spider:5 | Reached skill level 18 in Unarmed Combat
 30709 | Spider:5 | Received a gift from Okawaru
 31193 | Spider:5 | Got a gossamer rune of Zot
 31442 | Swamp:1  | Entered Level 1 of the Swamp
 31523 | Swamp:1  | Received a gift from Okawaru
 32275 | Swamp:2  | Received a gift from Okawaru
 32451 | Swamp:2  | Reached skill level 5 in Charms
 32890 | Swamp:2  | Noticed Louise
 33096 | Swamp:2  | Killed Louise
 33316 | Swamp:3  | Reached XP level 17. HP: 75/157 MP: 9/27
 33468 | Swamp:3  | Noticed Nikola
 33493 | Swamp:3  | Killed Nikola
 33493 | Swamp:3  | Received a gift from Okawaru
 33580 | Swamp:3  | Noticed Mara
 34603 | Swamp:4  | Got a pair of brightly glowing gloves
 34615 | Swamp:4  | Identified the +0 pair of gloves of Dithmenos's Pride {Str+4} (You acquired it on level 4 of the Swamp)
 34882 | Swamp:4  | Reached skill level 10 in Shields
 35012 | Swamp:5  | Entered Level 5 of the Swamp
 35135 | Swamp:5  | Noticed 4thArraOfDagon's ghost (mighty TrAs)
 35144 | Swamp:5  | Received a gift from Okawaru
 35172 | Swamp:5  | Killed 4thArraOfDagon's ghost
 35271 | Swamp:5  | Noticed the 27-headed Lernaean hydra
 35861 | Swamp:5  | Killed the 27-headed Lernaean hydra
 35866 | Swamp:5  | Got a decaying rune of Zot
 36580 | D:12     | Killed a hill giant
 36816 | D:12     | Noticed Psyche
 36826 | D:12     | Killed Psyche
 37403 | D:13     | Reached XP level 18. HP: 152/167 MP: 25/30
 38082 | D:14     | Found Gysyfrasm's Assorted Antiques.
 38147 | D:14     | Bought a wavering pewter amulet for 130 gold pieces
 38150 | D:14     | Identified the amulet "Fiaxaosmegh" {Ward rElec rC+ rN+ Int-4 Dex+3} (You bought it in a shop on level 14 of the Dungeon)
 38610 | D:14     | Found a gate to the Vaults.
 38620 | Vaults:1 | Entered Level 1 of the Vaults
 38779 | Vaults:1 | Noticed Donald
 38829 | D:14     | Killed Donald
 38829 | D:14     | Received a gift from Okawaru
 38890 | Vaults:1 | Reached skill level 19 in Unarmed Combat
 39554 | Vaults:1 | Cast into the Abyss (an ogre mage)
 39556 | Abyss:1  | Found a corrupted altar of Lugonu.
 39557 | Abyss:1  | Found a corrupted altar of Lugonu.
 39582 | Abyss:1  | Noticed a Brimstone Fiend
 39783 | Abyss:1  | Found a corrupted altar of Lugonu.
 40244 | Abyss:1  | Noticed a bone dragon
 40254 | Abyss:1  | Noticed a bone dragon
 40411 | Abyss:1  | Gained mutation: You are clumsy. (Dex -2) [a neqoxec]
 40451 | Abyss:1  | Paralysed by a lich for 4 turns
 40678 | Abyss:1  | Lost intelligence.
 40780 | Abyss:1  | Noticed a bone dragon
 41090 | Abyss:1  | Paralysed by a great orb of eyes for 6 turns
 41101 | Abyss:1  | Paralysed by accursed screaming for 2 turns
 41110 | Abyss:1  | Paralysed by a great orb of eyes for 5 turns
 41141 | Vaults:1 | Escaped the Abyss
 41155 | Vaults:1 | HP: 4/168 [yaktaur captain/bolt (36)]
 42365 | Slime:1  | Entered Level 1 of the Pits of Slime
 42853 | Slime:4  | Received a gift from Okawaru
 42867 | Slime:4  | Got a jewelled buckler {god gift}
 43067 | Slime:4  | Identified the +0 buckler "Hoceull" {rElec rPois rF+} (Okawaru gifted it to you on level 4 of the Pits of Slime)
 43216 | Slime:5  | Paralysed by a great orb of eyes for 5 turns
 43221 | Slime:5  | Demolished by an acid blob

Action                   |  1- 3 |  4- 6 |  7- 9 | 10-12 | 13-15 | 16-18 || total
-------------------------+-------+-------+-------+-------+-------+-------++-------
Melee: Unarmed           |   109 |   218 |   451 |   834 |  1892 |  1989 ||  5493
 Fire: Blowgun           |       |    25 |    67 |    64 |   100 |    97 ||   353
 Cast: Cause Fear        |       |       |       |       |       |     1 ||     1
Invok: Heroism           |       |       |       |     3 |    10 |    11 ||    24
       Finesse           |       |       |       |     1 |     2 |     2 ||     5
Evoke: Wand              |       |       |     3 |    12 |     7 |    24 ||    46
       Deck              |       |       |     2 |     5 |     4 |       ||    11
       Fan of gales      |       |       |       |     1 |     1 |     2 ||     4
  Use: Potion            |       |     3 |     1 |    11 |     3 |    12 ||    30
       Scroll            |       |       |     6 |    23 |    17 |    22 ||    68
 Stab: Sleeping          |     3 |     8 |    13 |    15 |    42 |    34 ||   115
       Distracted        |       |       |     1 |     3 |     3 |     9 ||    16
       Confused          |       |       |       |       |       |     2 ||     2
  Eat: Chunk             |     1 |     7 |    13 |    25 |    41 |    14 ||   101
       Fruit             |       |       |     2 |     2 |     8 |     9 ||    21
       Beef jerky        |       |       |     1 |       |       |     1 ||     2
       Pizza             |       |       |       |     3 |     1 |     1 ||     5
       Royal jelly       |       |       |       |       |     4 |     9 ||    13
       Meat ration       |       |       |       |       |       |     4 ||     4
